 Dungeon Crawl Stone Soup version 0.21-a0-142-gdd972a7 (webtiles) character file.

33 HateThisGame the Vexing (level 3, -1/24 HPs)
             Began as a Mummy Enchanter on July 23, 2017.
             Slain by Natasha (6 damage)
             ... on level 2 of the Dungeon.
             The game lasted 00:03:27 (1609 turns).

HateThisGame the Vexing (Mummy Enchanter)           Turns: 1609, Time: 00:03:28

Health: -1/24      AC:  2    Str: 11    XL:     3   Next: 12%
Magic:  0/7        EV: 12    Int: 15    God:
Gold:   34         SH:  0    Dex: 12    Spells: 1/7 levels left

rFire    x . .     SeeInvis .   h - -2 dagger (curse)
rCold    + + .     Gourm    .   (no shield)
rNeg     + + +     Faith    .   b - +0 robe
rPois    ∞         Spirit   .   (no helmet)
rElec    .         Reflect  .   (no cloak)
rCorr    .         Harm     .   (no gloves)
MR       .....                  (no boots)
Stlth    ++........             (no amulet)
HPRegen  0.08/turn              f - ring of protection from cold
MPRegen  0.10/turn              (no ring)

@: very slightly contaminated
A: no food or potions, fire vulnerability, cold resistance 1, negative energy
resistance 3, torment resistance, unbreathing
a: no special abilities


You were on level 2 of the Dungeon.
You were not hungry.

You visited 1 branch of the dungeon, and saw 2 of its levels.

You collected 34 gold pieces.

Inventory:

Hand Weapons
 a - a +1 dagger
 h - a cursed -2 dagger (weapon)
Missiles
 d - 6 curare-tipped needles
Armour
 b - a +0 robe (worn)
Jewellery
 f - a ring of protection from cold (left hand)
Scrolls
 e - a scroll of enchant armour {unknown}
 i - a scroll of fear
Books
 c - a book of Maledictions

   Spells                             Type                      Level
   a - Corona                         Hexes                        1
   b - Ensorcelled Hibernation        Hexes/Ice                    2
   c - Confuse                        Hexes                        3
   d - Tukima's Dance                 Hexes                        3
   e - Dazzling Spray                 Conjuration/Hexes            3


   Skills:
 - Level 0.7 Short Blades
 - Level 1.5 Dodging
 - Level 2.4 Stealth
 - Level 2.6 Spellcasting
 + Level 3.9 Hexes


You had one spell level left.
You knew the following spells:

 Your Spells              Type           Power        Failure   Level  Hunger
a - Corona                Hex            ##.....      4%          1    N/A
b - Ensorcelled Hibernat  Hex/Ice        #.....       14%         2    N/A
c - Confuse               Hex            ##......     12%         3    N/A

Dungeon Overview and Level Annotations

Branches:
Dungeon (2/15)

Altars:

Annotations:
D:2 Natasha


Innate Abilities, Weirdness & Mutations

You do not eat or drink.
Your flesh is vulnerable to fire.
You are immune to poison.
Your flesh is cold resistant. (rC+)
You are immune to negative energy. (rN+++)
You are immune to unholy pain and torment.
You can survive without breathing.


Message History

Casting: Ensorcelled Hibernation
Confirm with . or Enter, or press ? or * to list all spells.
Aiming: Ensorcelled Hibernation
Press: ? - help, Shift-Dir - straight line, f/p - Natasha
Aim: Natasha (chance to defeat MR: 38%) Natasha resists with some effort.
Natasha barely misses you.
You are too injured to fight recklessly!
You are too injured to fight recklessly!
Casting: Ensorcelled Hibernation
Confirm with . or Enter, or press ? or * to list all spells.
Aiming: Corona
Press: ? - help, Shift-Dir - straight line, f/p - Natasha
Aim: Natasha (chance to defeat MR: 50%) Natasha resists with significant effort.
Natasha claws you!
* * * LOW HITPOINT WARNING * * *
You hit Natasha but do no damage. Natasha barely misses you.
You barely miss Natasha. Natasha closely misses you.
You barely miss Natasha. Natasha claws you.
You die...

#...# .#. .## .
.#...## ..##..#..
#.......# #........
.#.......###.>......
..[..........†......
#$......$..........
#..........######..
#.....$....###
##........#.@.#
...........#.h#
.####..##..#... .
##.###.###... .
#..##.###..... .
###.#.......... .
###......## #.# .
##...#..#...... ..
.######..####.#
####.


You could see Natasha.

Vanquished Creatures
  An ooze (D:1)
  2 dart slugs
  4 bats (D:1)
  A giant cockroach (D:1)
  3 goblins (D:1)
  2 hobgoblins (D:1)
  3 jackals (D:1)
  2 frilled lizards (D:1)
  4 kobolds (D:1)
  2 rats
24 creatures vanquished.

Notes
Turn   | Place    | Note
-------+----------+-------------------------------------------
     0 | D:1      | HateThisGame the Mummy Enchanter began the quest for the Orb.
     0 | D:1      | Reached XP level 1. HP: 13/13 MP: 4/4
   187 | D:1      | Reached skill level 3 in Hexes
   307 | D:1      | Reached XP level 2. HP: 12/19 MP: 2/5
   426 | D:1      | Learned a level 2 spell: Ensorcelled Hibernation
  1281 | D:1      | Reached XP level 3. HP: 11/24 MP: 7/7
  1286 | D:1      | Learned a level 3 spell: Confuse
  1588 | D:2      | Noticed Natasha
  1609 | D:2      | Slain by Natasha

Vault maps used:
D:1:      evilmike_arrival_hilbert_curve
D:2:      grunt_ministairs_1, st_stairs_10, uniq_natasha

Skill      XL: |  1 |
---------------+----+-----
Hexes          | 3 |  3.9
Short Blades   | |  0.7
Dodging        | |  1.5
Stealth        | |  2.4
Spellcasting   | |  2.6

Action                   || total
-------------------------++-------
Melee: Dagger            ||   123
 Cast: Corona            ||    13
       Ensorcelled Hiber ||    13
  Use: Scroll            ||     2
 Stab: Sleeping          ||     6
Armor: Robe              ||    46
Dodge: Dodged            ||   109
